 Dungeon Crawl Stone Soup version 0.28.0-45-g0d030f2227 (webtiles) character file.

Game seed: 13399856407145373908

57398 mortz the Thaumaturge (level 14, -3/108 HPs)
             Began as a Gnoll Conjurer on Apr 17, 2022.
             Was an Elder of Vehumet.
             Killed from afar by a fire giant (40 damage)
             ... with a fireball
             ... on level 12 of the Dungeon on Apr 18, 2022.
             The game lasted 03:44:37 (35448 turns).

mortz the Thaumaturge (Gnoll Conjurer)             Turns: 35448, Time: 03:44:38

Health: -3/108     AC: 11    Str:  8    XL:     14   Next: 86%
Magic:  15/28      EV: 13    Int: 29    God:    Vehumet [****..]
Gold:   643        SH: 10    Dex:  8    Spells: 13/34 levels left

rFire   . . .      SeeInvis .   H - +8 dagger of Qurimamo {drain, Will+++ Int+7 Dex-2, short}
rCold   . . .      Faith    .   U - +0 buckler
rNeg    . . .      Spirit   .   u - +0 troll leather armour
rPois   .          Reflect  +   V - +2 hat
rElec   .          Harm     .   G - +2 cloak
rCorr   .          Rampage  .   (no gloves)
Will    +++++                   (no boots)
Stlth   ++++......              k - amulet of reflection
HPRegen 1.08/turn               e - ring of willpower
MPRegen 0.21/turn               P - ring of wizardry

@: no status effects
A: fangs 1, strong nose, distributed training
a: Renounce Religion


You were on level 12 of the Dungeon.
You worshipped Vehumet.
Vehumet was greatly pleased with you.
You visited 3 branches of the dungeon, and saw 19 of its levels.

You collected 1278 gold pieces.
You spent 635 gold pieces at shops.


Innate Abilities, Weirdness & Mutations

You have very sharp teeth.
Your uncanny sense of smell can sniff out nearby items.
Your experience applies equally to all skills.


   Skills:
 + Level 9.6 Fighting
 + Level 9.6 Short Blades
 + Level 9.6 Long Blades
 + Level 9.6 Axes
 + Level 9.6 Maces & Flails
 + Level 9.6 Polearms
 + Level 9.6 Staves
 + Level 9.6 Slings
 + Level 9.6 Bows
 + Level 9.6 Crossbows
 + Level 9.6 Throwing
 + Level 9.6 Armour
 + Level 10.6 Dodging
 + Level 10.5 Stealth
 + Level 9.6 Shields
 + Level 9.6 Unarmed Combat
 + Level 10.8 Spellcasting
 + Level 10.7 Conjurations
 + Level 8.0 Hexes
 + Level 8.0 Summonings
 + Level 8.0 Necromancy
 + Level 8.0 Translocations
 + Level 8.0 Transmutations
 + Level 8.0 Fire Magic
 + Level 8.0 Ice Magic
 + Level 8.0 Air Magic
 + Level 8.0 Earth Magic
 + Level 8.0 Poison Magic
 + Level 10.4 Invocations
 + Level 9.6 Evocations


You had 13 spell levels left.
You knew the following spells:

 Your Spells              Type           Power      Damage    Failure   Level
a - Magic Dart            Conj           100%       1d8       1%          1
b - Searing Ray           Conj           100%       2d8       1%          2
c - Iskenderun's Mystic   Conj/Tloc      63%        2d13      1%          4
d - Flame Wave            Conj/Fire      63%        2d12      1%          4
e - Iskenderun's Battles  Conj           67%        2d12      1%          5
f - Lee's Rapid Deconstr  Erth           29%        3d16*     1%          5

Your spell library contained the following spells:

 Spells                   Type           Power      Damage    Failure   Level
 Animate Skeleton         Necr           100%       N/A       1%          1
 Apportation              Tloc           100%       N/A       1%          1
 Freeze                   Ice            100%       1d11      1%          1
 Slow                     Hex            100%       N/A       1%          1
 Summon Small Mammal      Summ           100%       N/A       1%          1
 Confusing Touch          Hex            58%        N/A       1%          3
 Dazzling Flash           Conj/Hex       100%       N/A       1%          3
 Gell's Gravitas          Tloc           58%        N/A       1%          3
 Ozocubu's Armour         Ice            58%        N/A       1%          3
 Portal Projectile        Hex/Tloc       100%       N/A       1%          3
 Vampiric Draining        Necr           58%        2d10      1%          3
 Animate Dead             Necr           29%        N/A       1%          4
 Fulminant Prism          Conj/Hex       31%        3d16      1%          4
 Summon Ice Beast         Ice/Summ       58%        N/A       1%          4
 Summon Mana Viper        Hex/Summ       58%        N/A       2%          5
 Summon Cactus Giant      Summ           29%        N/A       12%         6
 Haunt                    Necr/Summ      29%        N/A       52%         7
 Monstrous Menagerie      Summ           29%        N/A       52%         7
 Infestation              Necr           29%        N/A       99%         8
 Polar Vortex             Ice            29%        N/A       100%        9

Inventory:

Hand Weapons
 i - a +1 spear of flaming {polearm}
   (You took it off a gnoll sergeant on level 9 of the Dungeon)
 t - a +0 war axe {axe}
   (You found it on level 3 of the Dungeon)
 H - the +8 dagger of Qurimamo (weapon) {drain, Will+++ Int+7 Dex-2, short}
   (You took it off a kobold on level 4 of the Dungeon)

   A truly terrible weapon, it drains the life of any living foe it strikes.
   Int:       It affects your intelligence (+7).
   Dex:       It affects your dexterity (-2).
   Will:      It greatly increases your willpower.
 I - a +4 flail of draining {mace}
   (You took it off an orc on level 5 of the Dungeon)
Armour
 u - a +0 troll leather armour (worn)
   (You found it on level 6 of the Lair of Beasts)
 G - a +2 cloak (worn)
   (You found it on level 6 of the Dungeon)
 S - a +3 leather armour of fire resistance
   (You bought it in a shop on level 10 of the Dungeon)
 T - a +2 robe of cold resistance
   (You took it off Fannar on level 2 of the Lair of Beasts)
 U - a +0 buckler (worn)
   (You took it off a gnoll sergeant on level 11 of the Dungeon)
 V - a +2 hat (worn)
   (You found it on level 11 of the Dungeon)
 W - a +3 chain mail of cold resistance
   (You found it on level 6 of the Lair of Beasts)
Magical Staves
 g - a staff of fire {!astaff}
   (You found it on level 5 of the Lair of Beasts)
 o - a staff of air {!astaff}
   (You found it on level 2 of the Dungeon)
 w - a staff of poison {!astaff}
   (You found it on level 3 of the Dungeon)
 X - a staff of earth {!astaff}
   (You found it on level 11 of the Dungeon)
Jewellery
 e - a ring of willpower (left hand)
   (You found it on level 1 of the Dungeon)
 k - an amulet of reflection (around neck)
   (You found it on level 1 of the Dungeon)
 p - a +4 ring of slaying
   (You found it on level 5 of the Dungeon)
 E - a ring of see invisible
   (You took it off an orc wizard on level 4 of the Dungeon)
 J - a +6 ring of dexterity
   (You found it on level 6 of the Lair of Beasts)
 O - a ring of protection from cold
   (You found it on level 5 of the Lair of Beasts)
 P - a ring of wizardry (right hand)
   (You found it on level 4 of the Lair of Beasts)
Wands
 d - a wand of digging (4)
   (You found it on level 4 of the Lair of Beasts)
 q - a wand of charming (3)
   (You found it on level 5 of the Lair of Beasts)
 y - a wand of flame (6)
   (You found it on level 4 of the Dungeon)
 A - a wand of iceblast (34)
   (You found it on level 4 of the Dungeon)
 C - a wand of polymorph (13)
   (You found it on level 5 of the Dungeon)
 K - a wand of mindburst (16)
   (You found it on level 6 of the Dungeon)
Scrolls
 a - 2 scrolls of brand weapon
 r - 7 scrolls of teleportation {@r4}
 s - 2 scrolls of enchant weapon
 v - a scroll of vulnerability {!r!r}
 B - 3 scrolls of blinking {!r}
 F - 4 scrolls of identify {@r1}
 M - 3 scrolls of fear
 N - a scroll of fog
 Y - a scroll of amnesia
Potions
 b - a potion of haste {@q3}
 c - a potion of berserk rage {!q}
 f - 2 potions of magic {unknown}
 j - 8 potions of curing {@q1}
 l - a potion of might
 m - a potion of ambrosia
 n - 2 potions of invisibility
 x - 7 potions of flight
 z - 8 potions of attraction {!q}
 D - 2 potions of brilliance
 L - 3 potions of resistance
 Q - 2 potions of heal wounds {@q2}
 Z - a potion of cancellation
Miscellaneous
 h - a piece from Xom's chessboard (15/15)
   (You found it on level 2 of the Lair of Beasts)
 R - a phantom mirror (inert)
   (You found it on level 11 of the Dungeon)

Dungeon Overview and Level Annotations

Branches:
Dungeon (12/15)            Temple (1/1) D:4            Lair (6/6) D:11
 Shoals (0/4) Lair:2       Spider (0/4) Lair:2        Slime (0/5) Lair:6
    Orc (0/2) D:11

Altars:
Ashenzari
Cheibriados
Dithmenos
Fedhas
Gozag
Hepliaklqana
Kikubaaqudgha
Makhleb
Nemelex Xobeh
Okawaru
Qazlal
Ru
Sif Muna
Trog
Uskayaw
Vehumet
Wu Jian
Xom
Yredelemnul
Zin
The Shining One

Shops:
D:10 *?*(

Annotations:
D:6 2 runed translucent doors, exclusion: ugly thing, Sigmund; chopper's ghost, novice GnFi
D:9 exclusion: downstairs, Maurice
D:10 2 transporters, adizb's ghost, novice DsFi
Lair:6 exclusion: oklob plant

## #### ##.
# #.*. ...
#.###..####
###
#.........#
#..C...@.#
######.##..#
#.# .# ∆
######.# #
#......#
#......#
#####..#
######.#
#...)..#


You could see a fire giant (ally target) and a friendly battlesphere.


Message History

The mystic blast hits the skeletal warrior!!
The skeletal warrior is knocked back by the mystic blast.
Your battlesphere fires!
The barrage of energy hits the skeletal warrior. 😎 MP[-4]
You lost 4 mp, and now have 11/28 mp.
Casting: Iskenderun's Mystic Blast (safe; 1% risk of failure)
Confirm with . or Enter, or press ? or * to list all spells.
Aiming: Lee's Rapid Deconstruction (mildly dangerous; 1% risk of failure)
Press: ? - help, Dir - move target, f/p - skeletal warrior Fragment what (e.g. wall or brittle monster)?: a skeletal warrior, wielding a +0 war axe (severely damaged, ally target)
The skeletal warrior shatters!!
You blow up the skeletal warrior!
Vehumet accepts your kill.
You feel your power returning. 😎 MP[-2]
You lost 2 mp, and now have 9/28 mp.
Your battlesphere wavers and loses cohesion.
You now have 615 gold pieces (gained 22).
You now have 623 gold pieces (gained 8).
A gargoyle comes into view. It is wielding a +0 mace. 😎 MP[+19]
Your mp is fully restored (28).
Casting: Lee's Rapid Deconstruction (mildly dangerous; 1% risk of failure)
Confirm with . or Enter, or press ? or * to list all spells.
Aiming: Lee's Rapid Deconstruction (mildly dangerous; 1% risk of failure)
Press: ? - help, Dir - move target, f - gargoyle Fragment what (e.g. wall or brittle monster)?: a gargoyle, wielding a +0 mace (dormant)
The gargoyle shatters!!
You blow up the gargoyle!
Vehumet accepts your kill.
You feel your power returning. 😎 MP[-2]
You lost 2 mp, and now have 26/28 mp.
r - 7 scrolls of teleportation {@r4} (gained 1)
Found a stone staircase leading down. 😎 MP[+2]
Your mp is fully restored (28).
Found a stone staircase leading down.
You see here a +0 morningstar {mace}.
You now have 643 gold pieces (gained 20).
Found a stone staircase leading down.
There is a stone staircase leading down here.
A fire giant comes into view.
It is wielding a +0 great sword of flaming.
Casting: Lee's Rapid Deconstruction (mildly dangerous; 1% risk of failure)
Confirm with . or Enter, or press ? or * to list all spells.
You conjure a globe of magical energy.
The fire giant shouts! 😎 MP[-5]
You lost 5 mp, and now have 23/28 mp.
Casting: Iskenderun's Battlesphere (mildly dangerous; 1% risk of failure)
Confirm with . or Enter, or press ? or * to list all spells.
Aiming: Searing Ray (safe; 1% risk of failure)
Press: ? - help, Shift-Dir - straight line, f - fire giant
Aim: a fire giant, wielding a +0 great sword of flaming (96% to hit)
The searing ray hits the fire giant. (Press . to maintain the ray.)
Your battlesphere fires!
The barrage of energy hits the fire giant! 😎 MP[-2]
You lost 2 mp, and now have 21/28 mp.
The searing ray hits the fire giant.
Your battlesphere fires!
The barrage of energy hits the fire giant.
The fire giant casts a spell at you.
The fireball explodes!
The fireball engulfs you!!! The fireball engulfs your battlesphere!
Your battlesphere resists.
You hear an angry hiss.
You hear a shout! 😮 HP[-42] MP[-1]
You take 42 damage, and now have 66/108 hp.
MASSIVE DAMAGE!! (PAUSE)
You lost 1 mp, and now have 20/28 mp.
Casting: Searing Ray (safe; 1% risk of failure)
Confirm with . or Enter, or press ? or * to list all spells.
You erupt in a blast of force!
The mystic blast hits the fire giant!
The fire giant is knocked back by the mystic blast.
Your battlesphere fires!
The barrage of energy hits the fire giant but does no damage.
The fire giant gestures at you while chanting.
The fireball explodes!
The fireball engulfs you!!
* * * LOW HITPOINT WARNING * * *
The fireball engulfs your battlesphere.
Your battlesphere resists. 😨 HP[-30] MP[-3]
You take 30 damage, and now have 36/108 hp.
MASSIVE DAMAGE!! (PAUSE)
You lost 3 mp, and now have 17/28 mp.
Casting: Iskenderun's Mystic Blast (safe; 1% risk of failure)
Confirm with . or Enter, or press ? or * to list all spells.
Aiming: Searing Ray (safe; 1% risk of failure)
Press: ? - help, Shift-Dir - straight line, f/p - fire giant
Aim: a fire giant, wielding a +0 great sword of flaming (heavily wounded, ally target, 96% to hit)
The searing ray hits the fire giant. (Press . to maintain the ray.)
Your battlesphere fires!
The barrage of energy hits the fire giant but does no damage.
The fire giant casts a spell at you.
The fireball explodes!
The fireball engulfs you!!!
You die...

Skill      XL: |  1  2  3  4  5  6  7  8  9 10 11 12 13 14 |
---------------+-------------------------------------------+-----
Spellcasting   | 5 6 7 8 9 10 | 10.8
Invocations    | 1 2 3 4 5 6 7 8 9 10 | 10.4
Fighting       | 1 2 3 5 6 7 8 9 |  9.6
Short Blades   | 1 2 3 5 6 7 8 9 |  9.6
Long Blades    | 1 2 3 5 6 7 8 9 |  9.6
Axes           | 1 2 3 5 6 7 8 9 |  9.6
Maces & Flails | 1 2 3 5 6 7 8 9 |  9.6
Polearms       | 1 2 3 5 6 7 8 9 |  9.6
Staves         | 1 2 3 5 6 7 8 9 |  9.6
Slings         | 1 2 3 5 6 7 8 9 |  9.6
Bows           | 1 2 3 5 6 7 8 9 |  9.6
Crossbows      | 1 2 3 5 6 7 8 9 |  9.6
Throwing       | 1 2 3 5 6 7 8 9 |  9.6
Armour         | 1 2 3 5 6 7 8 9 |  9.6
Shields        | 1 2 3 5 6 7 8 9 |  9.6
Unarmed Combat | 1 2 3 5 6 7 8 9 |  9.6
Evocations     | 1 2 3 5 6 7 8 9 |  9.6
Hexes          | 1 2 3 4 5 6 7 8 |  8.0
Summonings     | 1 2 3 4 5 6 7 8 |  8.0
Necromancy     | 1 2 3 4 5 6 7 8 |  8.0
Translocations | 1 2 3 4 5 6 7 8 |  8.0
Transmutations | 1 2 3 4 5 6 7 8 |  8.0
Fire Magic     | 1 2 3 4 5 6 7 8 |  8.0
Ice Magic      | 1 2 3 4 5 6 7 8 |  8.0
Air Magic      | 1 2 3 4 5 6 7 8 |  8.0
Earth Magic    | 1 2 3 4 5 6 7 8 |  8.0
Poison Magic   | 1 2 3 4 5 6 7 8 |  8.0
Dodging        | 5 6 7 8 9 10 | 10.6
Stealth        | 5 6 7 8 9 10 | 10.5
Conjurations   | 8 9 10 | 10.7

Action                   |  1- 3 |  4- 6 |  7- 9 | 10-12 | 13-15 || total
-------------------------+-------+-------+-------+-------+-------++-------
Melee: Dagger            |       |       |     1 |    46 |    33 ||    80
       Bite              |       |       |       |     6 |     4 ||    10
 Cast: Magic Dart        |    32 |    51 |   102 |   167 |   206 ||   558
       Searing Ray       |     9 |    22 |    71 |   120 |   104 ||   326
       Iskenderun's Myst |       |       |    11 |   155 |   205 ||   371
       Iskenderun's Batt |       |       |       |       |    45 ||    45
       Lee's Rapid Decon |       |       |       |       |    16 ||    16
       Flame Wave        |       |       |       |       |     1 ||     1
Evoke: Wand              |       |       |       |    15 |     3 ||    18
       Phantom mirror    |       |       |       |       |     1 ||     1
  Use: Scroll            |       |       |    20 |     5 |     4 ||    29
       Potion            |       |       |     2 |     3 |       ||     5
Armor: Robe              |     1 |       |     3 |       |       ||     4
       Leather armour    |       |       |    10 |    43 |    55 ||   108
       Troll leather arm |       |       |       |       |    17 ||    17
Dodge: Dodged            |     3 |     5 |    57 |    87 |    96 ||   248
Block: Other             |       |       |    21 |     8 |       ||    29
       Reflection        |       |       |     8 |     4 |       ||    12
       Buckler           |       |       |       |    76 |   112 ||   188

Levels and vault maps discovered:
D:1:      matt_arrival_debris, layout_loops_ring
D:2:      layout_rooms, grunt_ministairs_15
D:3:      layout_rooms, lemuel_doored_altar, lightli_temple_of_fire
D:4:      layout_basic, minmay_temple_entry_proselytizer,
          kennysheep_generic_room_15
D:5:      layout_basic
D:6:      layout_loops_ring, lemuel_round_altar,
          worldfamousw_hep_ancestral_shrine, ebering_ghost_disaster_area,
          uniq_blork_the_orc, uniq_sigmund
D:7:      layout_layer_cave, nicolae_overflow_crystal_walls,
          lightli_ossuary_entry_decrepit_ruins
D:8:      layout_loops_ring, tso_metal_star, mainiacjoe_overflow_boulevard
D:9:      layout_stronghold, uniq_maurice
D:10:     layout_stronghold, serial_shops, nicolae_stop_n_shop_2,
          nicolae_shop_bloodbath_and_beyond, shop, nicolae_diamond_shop,
          gammafunk_ghost_berserking_beasts
D:11:     layout_cross, lair_entry_dummy
D:12:     minmay_textured_paths, layout_long_grid
Temple:   regret_index_temple_generic_petals
Lair:1:   layout_chaotic_city, chequers_serial_rivers_micro_a, uniq_joseph
Lair:2:   layout_roguey, minmay_shoals_entry_beasts, spider_nest_entry_a,
          guppyfry_lair_drakes, infiniplex_staircase_pool_2, uniq_sonja,
          uniq_fannar
Lair:3:   layout_concentric_octagons, st_stairs_4, nicolae_quartered_pool_super,
          lemuel_fruit_fields
Lair:4:   layout_small_grid, gauntlet_entry_generic, basic_altar,
          cheibrodos_lair_caveside_slide, grunt_megastairs_3, lemuel_fruit_tree
Lair:5:   layout_small_grid, enter_volcano_3, lemuel_fruit_fields,
          uniq_josephine
Lair:6:   grunt_lair_end_beastmaster, layout_gridlike, minmay_slime_entry_eyes,
          tgw_fedhas, uniq_kirke

Notes
Turn   | Place    | Note
-------+----------+-------------------------------------------
     0 | D:1      | mortz the Gnoll Conjurer began the quest for the Orb.
     0 | D:1      | Reached XP level 1. HP: 13/13 MP: 6/6
     0 | D:1      | magus.rc [v1.9.6]
   178 | D:1      | Reached XP level 2. HP: 19/19 MP: 4/7
   213 | D:1      | Learned a level 2 spell: Searing Ray
  1028 | D:2      | Reached XP level 3. HP: 25/25 MP: 5/9
  1174 | D:2      | Reached skill level 5 in Spellcasting
  1244 | D:2      | Reached skill level 1 in Invocations
  1332 | D:2      | Reached skill level 1 in Fighting
  1332 | D:2      | Reached skill level 1 in Short Blades
  1332 | D:2      | Reached skill level 1 in Long Blades
  1332 | D:2      | Reached skill level 1 in Axes
  1332 | D:2      | Reached skill level 1 in Maces & Flails
  1332 | D:2      | Reached skill level 1 in Polearms
  1332 | D:2      | Reached skill level 1 in Staves
  1332 | D:2      | Reached skill level 1 in Slings
  1332 | D:2      | Reached skill level 1 in Bows
  1332 | D:2      | Reached skill level 1 in Crossbows
  1332 | D:2      | Reached skill level 1 in Throwing
  1332 | D:2      | Reached skill level 1 in Armour
  1332 | D:2      | Reached skill level 1 in Shields
  1332 | D:2      | Reached skill level 1 in Unarmed Combat
  1332 | D:2      | Reached skill level 1 in Evocations
  1428 | D:2      | Reached XP level 4. HP: 32/32 MP: 3/11
  1921 | D:3      | Reached skill level 1 in Hexes
  1921 | D:3      | Reached skill level 1 in Summonings
  1921 | D:3      | Reached skill level 1 in Necromancy
  1921 | D:3      | Reached skill level 1 in Translocations
  1921 | D:3      | Reached skill level 1 in Transmutations
  1921 | D:3      | Reached skill level 1 in Fire Magic
  1921 | D:3      | Reached skill level 1 in Ice Magic
  1921 | D:3      | Reached skill level 1 in Air Magic
  1921 | D:3      | Reached skill level 1 in Earth Magic
  1921 | D:3      | Reached skill level 1 in Poison Magic
  2064 | D:3      | You pick up a book of Cantrips and begin reading...
  2064 | D:3      | You add the spells Animate Skeleton, Summon Small Mammal
                  | and Apportation to your library.
  2204 | D:3      | Found a burning altar of Makhleb.
  2268 | D:3      | Reached XP level 5. HP: 37/37 MP: 6/12
  2372 | D:3      | Found a hide-covered altar of Uskayaw.
  2394 | D:3      | You pick up a book of Debilitation and begin reading...
  2394 | D:3      | You add the spells Slow, Vampiric Draining and Confusing
                  | Touch to your library.
  2580 | D:4      | Found a staircase to the Ecumenical Temple.
  2588 | Temple   | Entered the Ecumenical Temple
  2711 | Temple   | Became a worshipper of Vehumet
  2849 | D:4      | Noticed an ogre
  3148 | D:5      | Entered Level 5 of the Dungeon
  3149 | D:5      | Noticed an ogre
  3175 | D:5      | Reached skill level 2 in Invocations
  3175 | D:5      | Reached XP level 6. HP: 23/44 MP: 2/13
  3602 | D:4      | Reached skill level 2 in Fighting
  3602 | D:4      | Reached skill level 2 in Short Blades
  3602 | D:4      | Reached skill level 2 in Long Blades
  3602 | D:4      | Reached skill level 2 in Axes
  3602 | D:4      | Reached skill level 2 in Maces & Flails
  3602 | D:4      | Reached skill level 2 in Polearms
  3602 | D:4      | Reached skill level 2 in Staves
  3602 | D:4      | Reached skill level 2 in Slings
  3602 | D:4      | Reached skill level 2 in Bows
  3602 | D:4      | Reached skill level 2 in Crossbows
  3602 | D:4      | Reached skill level 2 in Throwing
  3602 | D:4      | Reached skill level 2 in Armour
  3602 | D:4      | Reached skill level 5 in Dodging
  3602 | D:4      | Reached skill level 2 in Shields
  3602 | D:4      | Reached skill level 2 in Unarmed Combat
  3602 | D:4      | Reached skill level 2 in Evocations
  3688 | D:4      | You fall into a shaft and drop 3 floors!
  3779 | D:6      | Noticed a brown ugly thing
  3831 | D:6      | Reached XP level 7. HP: 50/50 MP: 9/15
  4043 | D:4      | Reached skill level 2 in Hexes
  4043 | D:4      | Reached skill level 2 in Summonings
  4043 | D:4      | Reached skill level 2 in Necromancy
  4043 | D:4      | Reached skill level 2 in Translocations
  4043 | D:4      | Reached skill level 2 in Transmutations
  4043 | D:4      | Reached skill level 2 in Fire Magic
  4043 | D:4      | Reached skill level 2 in Ice Magic
  4043 | D:4      | Reached skill level 2 in Air Magic
  4043 | D:4      | Reached skill level 2 in Earth Magic
  4043 | D:4      | Reached skill level 2 in Poison Magic
  4374 | D:4      | Reached skill level 5 in Stealth
  4420 | D:4      | Identified the +8 dagger of Qurimamo {drain, Will+++ Int+7
                  | Dex-2}
  4468 | D:4      | Learned a level 4 spell: Iskenderun's Mystic Blast
  4498 | D:4      | Reached * piety under Vehumet
  4498 | D:4      | Offered knowledge of Sandblast by Vehumet.
  4499 | D:4      | Reached skill level 3 in Invocations
  4799 | D:4      | Reached XP level 8. HP: 53/57 MP: 8/16
  5247 | D:5      | Reached skill level 3 in Fighting
  5247 | D:5      | Reached skill level 3 in Short Blades
  5247 | D:5      | Reached skill level 3 in Long Blades
  5247 | D:5      | Reached skill level 3 in Axes
  5247 | D:5      | Reached skill level 3 in Maces & Flails
  5247 | D:5      | Reached skill level 3 in Polearms
  5247 | D:5      | Reached skill level 3 in Staves
  5247 | D:5      | Reached skill level 3 in Slings
  5247 | D:5      | Reached skill level 3 in Bows
  5247 | D:5      | Reached skill level 3 in Crossbows
  5247 | D:5      | Reached skill level 3 in Throwing
  5247 | D:5      | Reached skill level 3 in Armour
  5247 | D:5      | Reached skill level 3 in Shields
  5247 | D:5      | Reached skill level 3 in Unarmed Combat
  5247 | D:5      | Reached skill level 3 in Evocations
  5794 | D:5      | Reached skill level 6 in Spellcasting
  6481 | D:6      | Noticed Blork the orc
  6490 | D:6      | Killed Blork the orc
  6727 | D:6      | Found a hazy altar of Hepliaklqana.
  6785 | D:6      | Reached skill level 3 in Hexes
  6785 | D:6      | Reached skill level 3 in Summonings
  6785 | D:6      | Reached skill level 3 in Necromancy
  6785 | D:6      | Reached skill level 3 in Translocations
  6785 | D:6      | Reached skill level 3 in Transmutations
  6785 | D:6      | Reached skill level 3 in Fire Magic
  6785 | D:6      | Reached skill level 3 in Ice Magic
  6785 | D:6      | Reached skill level 3 in Air Magic
  6785 | D:6      | Reached skill level 3 in Earth Magic
  6785 | D:6      | Reached skill level 3 in Poison Magic
  6785 | D:6      | Reached skill level 4 in Invocations
  6857 | D:6      | Found a large runed translucent door.
  6857 | D:6      | Found a large runed translucent door.
  6862 | D:6      | Noticed chopper's ghost (novice GnFi)
  6914 | D:6      | Noticed Sigmund
  7359 | D:7      | Reached skill level 6 in Dodging
  7359 | D:7      | Reached XP level 9. HP: 42/65 MP: 12/18
  7741 | D:7      | Reached skill level 4 in Fighting
  7741 | D:7      | Reached skill level 4 in Short Blades
  7741 | D:7      | Reached skill level 4 in Long Blades
  7741 | D:7      | Reached skill level 4 in Axes
  7741 | D:7      | Reached skill level 4 in Maces & Flails
  7741 | D:7      | Reached skill level 4 in Polearms
  7741 | D:7      | Reached skill level 4 in Staves
  7741 | D:7      | Reached skill level 4 in Slings
  7741 | D:7      | Reached skill level 4 in Bows
  7741 | D:7      | Reached skill level 4 in Crossbows
  7741 | D:7      | Reached skill level 4 in Throwing
  7741 | D:7      | Reached skill level 4 in Armour
  7741 | D:7      | Reached skill level 4 in Shields
  7741 | D:7      | Reached skill level 4 in Unarmed Combat
  7741 | D:7      | Reached skill level 4 in Evocations
  8014 | D:7      | Found a broken altar of Ashenzari.
  9239 | D:8      | Reached skill level 6 in Stealth
  9239 | D:8      | Reached skill level 8 in Conjurations
  9244 | D:8      | Found a glowing golden altar of the Shining One.
  9486 | D:8      | HP: 13/65 [something/ball of steam (12)]
  9491 | D:8      | HP: 3/65 [something (11)]
  9546 | D:8      | HP: 15/66 [wight/+5 halberd (6)]
 10241 | D:8      | You add the spells Freeze, Ozocubu's Armour and Summon
                  | Cactus Giant to your library.
 10241 | D:8      | Got the Reference Book on the Congealing Escort
 10321 | D:8      | Found an ornate altar of the Wu Jian Council.
 10714 | D:9      | HP: 16/66 [orc warrior/+0 glaive (11)]
 10783 | D:9      | HP: 9/66 [orc warrior/+0 glaive (10)]
 10788 | D:9      | HP: 9/66 [orc warrior/+0 glaive (1)]
 11329 | D:9      | Reached skill level 5 in Invocations
 11962 | D:9      | Noticed Maurice
 12204 | D:10     | Entered Level 10 of the Dungeon
 12210 | D:10     | Offered knowledge of Static Discharge by Vehumet.
 12210 | D:10     | Reached ** piety under Vehumet
 12324 | D:10     | Found Xarghun's Magic Scroll Shoppe.
 12331 | D:10     | Found Osiusm's General Store.
 12332 | D:10     | Bought a scroll of identify for 26 gold pieces
 12332 | D:10     | Bought a scroll of identify for 26 gold pieces
 12332 | D:10     | Bought a scroll of identify for 26 gold pieces
 12332 | D:10     | Bought a scroll of blinking for 97 gold pieces
 12332 | D:10     | Bought a scroll of enchant armour for 97 gold pieces
 12332 | D:10     | Bought a scroll of enchant armour for 97 gold pieces
 12359 | D:10     | Found Rojy's Weapon Shop.
 12368 | D:10     | Noticed a troll
 12518 | D:10     | Found Moug's General Store.
 12658 | D:10     | Found a transporter.
 12663 | D:10     | Noticed adizb's ghost (novice DsFi)
 12665 | D:10     | Noticed a six-headed hydra
 12666 | D:10     | Noticed a moth of wrath
 12691 | D:10     | Found a transporter.
 12691 | D:10     | Noticed a komodo dragon
 12867 | D:10     | Noticed a two-headed ogre
 12875 | D:10     | Killed a two-headed ogre
 12876 | D:10     | Reached skill level 5 in Fighting
 12876 | D:10     | Reached skill level 5 in Short Blades
 12876 | D:10     | Reached skill level 5 in Long Blades
 12876 | D:10     | Reached skill level 5 in Axes
 12876 | D:10     | Reached skill level 5 in Maces & Flails
 12876 | D:10     | Reached skill level 5 in Polearms
 12876 | D:10     | Reached skill level 5 in Staves
 12876 | D:10     | Reached skill level 5 in Slings
 12876 | D:10     | Reached skill level 5 in Bows
 12876 | D:10     | Reached skill level 5 in Crossbows
 12876 | D:10     | Reached skill level 5 in Throwing
 12876 | D:10     | Reached skill level 5 in Armour
 12876 | D:10     | Reached skill level 5 in Shields
 12876 | D:10     | Reached skill level 5 in Unarmed Combat
 12876 | D:10     | Reached skill level 7 in Spellcasting
 12876 | D:10     | Reached skill level 4 in Hexes
 12876 | D:10     | Reached skill level 4 in Summonings
 12876 | D:10     | Reached skill level 4 in Necromancy
 12876 | D:10     | Reached skill level 4 in Translocations
 12876 | D:10     | Reached skill level 4 in Transmutations
 12876 | D:10     | Reached skill level 4 in Fire Magic
 12876 | D:10     | Reached skill level 4 in Ice Magic
 12876 | D:10     | Reached skill level 4 in Air Magic
 12876 | D:10     | Reached skill level 4 in Earth Magic
 12876 | D:10     | Reached skill level 4 in Poison Magic
 12876 | D:10     | Reached skill level 5 in Evocations
 12876 | D:10     | Reached XP level 10. HP: 74/74 MP: 8/20
 13448 | D:10     | Reached skill level 7 in Dodging
 13980 | D:10     | magus.rc [v1.9.6]
 14744 | D:10     | Bought a +2 leather armour of fire resistance for 266 gold
                  | pieces
 14972 | D:11     | Noticed a boulder beetle
 15306 | D:11     | Reached skill level 6 in Invocations
 15371 | D:11     | Reached skill level 7 in Stealth
 15932 | D:11     | Found a staircase to the Orcish Mines.
 15982 | D:11     | You pick up a book of Death and begin reading...
 15982 | D:11     | You add the spells Animate Dead, Haunt and Infestation to
                  | your library.
 16008 | D:11     | Found a staircase to the Lair.
 16015 | D:11     | Identified the +3 chain mail of Action {rC+ Will++}
 16237 | D:10     | Reached XP level 11. HP: 76/81 MP: 12/22
 16347 | D:10     | Reached skill level 6 in Fighting
 16347 | D:10     | Reached skill level 6 in Short Blades
 16347 | D:10     | Reached skill level 6 in Long Blades
 16347 | D:10     | Reached skill level 6 in Axes
 16347 | D:10     | Reached skill level 6 in Maces & Flails
 16347 | D:10     | Reached skill level 6 in Polearms
 16347 | D:10     | Reached skill level 6 in Staves
 16347 | D:10     | Reached skill level 6 in Slings
 16347 | D:10     | Reached skill level 6 in Bows
 16347 | D:10     | Reached skill level 6 in Crossbows
 16347 | D:10     | Reached skill level 6 in Throwing
 16347 | D:10     | Reached skill level 6 in Armour
 16347 | D:10     | Reached skill level 6 in Shields
 16347 | D:10     | Reached skill level 6 in Unarmed Combat
 16347 | D:10     | Reached skill level 6 in Evocations
 16478 | D:11     | Reached skill level 5 in Hexes
 16478 | D:11     | Reached skill level 5 in Summonings
 16478 | D:11     | Reached skill level 5 in Necromancy
 16478 | D:11     | Reached skill level 5 in Translocations
 16478 | D:11     | Reached skill level 5 in Transmutations
 16478 | D:11     | Reached skill level 5 in Fire Magic
 16478 | D:11     | Reached skill level 5 in Ice Magic
 16478 | D:11     | Reached skill level 5 in Air Magic
 16478 | D:11     | Reached skill level 5 in Earth Magic
 16478 | D:11     | Reached skill level 5 in Poison Magic
 16635 | D:11     | Noticed a death knight
 16774 | D:11     | Noticed a skeletal warrior
 16776 | D:11     | Noticed a skeletal warrior
 16783 | D:11     | a death knight changed into a torpor snail
 16895 | D:11     | Noticed a two-headed ogre
 16917 | D:11     | Killed a two-headed ogre
 16918 | D:11     | Reached skill level 8 in Spellcasting
 17086 | D:11     | magus.rc [v1.9.6]
 17185 | D:11     | Killed a skeletal warrior
 18008 | D:11     | Killed a skeletal warrior
 18009 | D:11     | Reached skill level 9 in Conjurations
 18009 | D:11     | Reached skill level 7 in Invocations
 18240 | Lair:1   | Entered Level 1 of the Lair of Beasts
 18274 | Lair:1   | Noticed Joseph
 18300 | Lair:1   | Offered knowledge of Conjure Flame by Vehumet.
 18301 | Lair:1   | Reached skill level 8 in Dodging
 18982 | Lair:1   | Reached skill level 8 in Stealth
 19597 | Lair:1   | Reached *** piety under Vehumet
 19598 | Lair:1   | Reached XP level 12. HP: 89/89 MP: 5/24
 19733 | Lair:1   | Killed Joseph
 20257 | Lair:2   | Found a staircase to the Shoals.
 20264 | Lair:2   | Reached skill level 7 in Fighting
 20264 | Lair:2   | Reached skill level 7 in Short Blades
 20264 | Lair:2   | Reached skill level 7 in Long Blades
 20264 | Lair:2   | Reached skill level 7 in Axes
 20264 | Lair:2   | Reached skill level 7 in Maces & Flails
 20264 | Lair:2   | Reached skill level 7 in Polearms
 20264 | Lair:2   | Reached skill level 7 in Staves
 20264 | Lair:2   | Reached skill level 7 in Slings
 20264 | Lair:2   | Reached skill level 7 in Bows
 20264 | Lair:2   | Reached skill level 7 in Crossbows
 20264 | Lair:2   | Reached skill level 7 in Throwing
 20264 | Lair:2   | Reached skill level 7 in Armour
 20264 | Lair:2   | Reached skill level 7 in Shields
 20264 | Lair:2   | Reached skill level 7 in Unarmed Combat
 20264 | Lair:2   | Reached skill level 7 in Evocations
 21125 | Lair:2   | Noticed Fannar
 21187 | Lair:2   | Reached skill level 6 in Hexes
 21187 | Lair:2   | Reached skill level 6 in Summonings
 21187 | Lair:2   | Reached skill level 6 in Necromancy
 21187 | Lair:2   | Reached skill level 6 in Translocations
 21187 | Lair:2   | Reached skill level 6 in Transmutations
 21187 | Lair:2   | Reached skill level 6 in Fire Magic
 21187 | Lair:2   | Reached skill level 6 in Ice Magic
 21187 | Lair:2   | Reached skill level 6 in Air Magic
 21187 | Lair:2   | Reached skill level 6 in Earth Magic
 21187 | Lair:2   | Reached skill level 6 in Poison Magic
 21344 | Lair:2   | Noticed Sonja
 21344 | Lair:2   | Noticed a seven-headed hydra
 21432 | Lair:2   | Reached skill level 8 in Invocations
 21878 | Lair:2   | Reached skill level 9 in Spellcasting
 22280 | Lair:2   | Killed Fannar
 22417 | Lair:2   | Found a hole to the Spider Nest.
 22821 | Lair:2   | Killed Sonja
 22936 | Lair:2   | Killed a seven-headed hydra
 22937 | Lair:2   | Reached skill level 9 in Dodging
 23174 | Lair:3   | Offered knowledge of Flame Wave by Vehumet.
 23233 | Lair:3   | Learned a level 4 spell: Flame Wave
 23488 | Lair:3   | Noticed a five-headed hydra
 23493 | Lair:3   | Noticed a seven-headed hydra
 23495 | Lair:3   | Killed a five-headed hydra
 23900 | Lair:3   | Reached skill level 9 in Stealth
 23900 | Lair:3   | Reached XP level 13. HP: 98/98 MP: 20/26
 24581 | Lair:2   | Reached skill level 8 in Fighting
 24581 | Lair:2   | Reached skill level 8 in Short Blades
 24581 | Lair:2   | Reached skill level 8 in Long Blades
 24581 | Lair:2   | Reached skill level 8 in Axes
 24581 | Lair:2   | Reached skill level 8 in Maces & Flails
 24581 | Lair:2   | Reached skill level 8 in Polearms
 24581 | Lair:2   | Reached skill level 8 in Staves
 24581 | Lair:2   | Reached skill level 8 in Slings
 24581 | Lair:2   | Reached skill level 8 in Bows
 24581 | Lair:2   | Reached skill level 8 in Crossbows
 24581 | Lair:2   | Reached skill level 8 in Throwing
 24581 | Lair:2   | Reached skill level 8 in Armour
 24581 | Lair:2   | Reached skill level 8 in Shields
 24581 | Lair:2   | Reached skill level 8 in Unarmed Combat
 24581 | Lair:2   | Reached skill level 8 in Evocations
 25085 | Lair:3   | You pick up a book of Beasts and begin reading...
 25085 | Lair:3   | You add the spells Summon Ice Beast, Summon Mana Viper and
                  | Monstrous Menagerie to your library.
 25463 | Lair:4   | Found a glowing silver altar of Zin.
 26033 | Lair:4   | Reached skill level 9 in Invocations
 26445 | Lair:4   | Reached skill level 10 in Conjurations
 27260 | Lair:5   | Reached **** piety under Vehumet
 27266 | Lair:5   | Offered knowledge of Iskenderun's Battlesphere by Vehumet.
 27279 | Lair:4   | Learned a level 5 spell: Iskenderun's Battlesphere
 27492 | Lair:5   | Reached skill level 7 in Hexes
 27492 | Lair:5   | Reached skill level 7 in Summonings
 27492 | Lair:5   | Reached skill level 7 in Necromancy
 27492 | Lair:5   | Reached skill level 7 in Translocations
 27492 | Lair:5   | Reached skill level 7 in Transmutations
 27492 | Lair:5   | Reached skill level 7 in Fire Magic
 27492 | Lair:5   | Reached skill level 7 in Ice Magic
 27492 | Lair:5   | Reached skill level 7 in Air Magic
 27492 | Lair:5   | Reached skill level 7 in Earth Magic
 27492 | Lair:5   | Reached skill level 7 in Poison Magic
 27886 | Lair:5   | Noticed Josephine
 28648 | Lair:5   | Killed Josephine
 28649 | Lair:5   | Reached skill level 10 in Spellcasting
 29147 | Lair:6   | Entered Level 6 of the Lair of Beasts
 29452 | Lair:6   | Noticed Kirke
 30096 | Lair:5   | Reached skill level 10 in Dodging
 30266 | Lair:6   | Reached ***** piety under Vehumet
 30267 | Lair:6   | Reached XP level 14. HP: 93/106 MP: 20/28
 30267 | Lair:6   | Offered knowledge of Lee's Rapid Deconstruction by Vehumet.
 30284 | Lair:5   | Learned a level 5 spell: Lee's Rapid Deconstruction
 30415 | Lair:6   | Found a staircase to the Slime Pits.
 30490 | Lair:6   | You add the spells Portal Projectile, Gell's Gravitas and
                  | Polar Vortex to your library.
 30490 | Lair:6   | Got the Almanac of Ice and the Traveller
 30830 | Lair:6   | Killed Kirke
 30831 | Lair:6   | Reached skill level 9 in Fighting
 30831 | Lair:6   | Reached skill level 9 in Short Blades
 30831 | Lair:6   | Reached skill level 9 in Long Blades
 30831 | Lair:6   | Reached skill level 9 in Axes
 30831 | Lair:6   | Reached skill level 9 in Maces & Flails
 30831 | Lair:6   | Reached skill level 9 in Polearms
 30831 | Lair:6   | Reached skill level 9 in Staves
 30831 | Lair:6   | Reached skill level 9 in Slings
 30831 | Lair:6   | Reached skill level 9 in Bows
 30831 | Lair:6   | Reached skill level 9 in Crossbows
 30831 | Lair:6   | Reached skill level 9 in Throwing
 30831 | Lair:6   | Reached skill level 9 in Armour
 30831 | Lair:6   | Reached skill level 9 in Shields
 30831 | Lair:6   | Reached skill level 9 in Unarmed Combat
 30831 | Lair:6   | Reached skill level 9 in Evocations
 30997 | Lair:6   | Reached skill level 10 in Stealth
 31737 | Lair:6   | Reached skill level 10 in Invocations
 33054 | Lair:6   | Found a blossoming altar of Fedhas.
 34919 | D:12     | Reached skill level 8 in Hexes
 34919 | D:12     | Reached skill level 8 in Summonings
 34919 | D:12     | Reached skill level 8 in Necromancy
 34919 | D:12     | Reached skill level 8 in Translocations
 34919 | D:12     | Reached skill level 8 in Transmutations
 34919 | D:12     | Reached skill level 8 in Fire Magic
 34919 | D:12     | Reached skill level 8 in Ice Magic
 34919 | D:12     | Reached skill level 8 in Air Magic
 34919 | D:12     | Reached skill level 8 in Earth Magic
 34919 | D:12     | Reached skill level 8 in Poison Magic
 35418 | D:12     | Noticed a fire giant
 35448 | D:12     | Killed from afar by a fire giant

Vanquished Creatures
  Kirke (Lair:6)
  A fire dragon (D:12)
  Josephine (Lair:5)
  Fannar (Lair:2)
  5 hydras
  A death knight (D:12)
  A boulder beetle (D:11)
  2 two-headed ogres
  A catoblepas (Lair:6)
  A deep troll shaman (Lair:6)
  6 death yaks (Lair:6)
  Sonja (Lair:2)
  5 skeletal warriors
  A lindwurm (Lair:6)
  A phantasmal warrior (D:12)
  A deep elf pyromancer (D:12)
  A cyclops (D:12)
  2 manticores
  An ugly thing (D:12)
  14 elephants
  Joseph (Lair:1)
  2 torpor snails
  5 black mambas
  A centaur zombie (D:10)
  14 cane toads
  An eye of devastation (Lair:6)
  A gargoyle (D:12)
  3 rime drakes
  An efreet (D:12)
  11 komodo dragons
  A freezing wraith (D:11)
  A wind drake (Lair:2)
  5 polar bears
  2 trolls
  A hornet (Lair:3)
  13 blink frogs
  10 dream sheep
  3 basilisks
  2 wyverns (Lair:3)
  7 wraiths
  2 vampires (D:11)
  31 yaks
  2 hogs (Lair:5)
  A steam dragon (D:8)
  11 vampire mosquitoes
  2 hell hounds (Lair:5)
  A floating eye (Lair:6)
  14 water moccasins
  2 sky beasts
  2 orc warriors
  3 black bears
  A necrophage (D:6)
  An ice beast (D:5)
  25 wolves
  3 centaurs
  4 ogres
  A phantom (D:6)
  Blork the orc (D:6)
  3 kobold brigands
  14 bullfrogs
  2 gnoll sergeants
  2 scorpions
  A water moccasin skeleton (D:6)
  16 killer bees
  3 wights
  An electric eel (Lair:3)
  2 howler monkeys (D:8)
  2 bullfrog zombies
  A hound (D:5)
  6 orc priests
  A gnoll shaman (D:4)
  8 orc wizards
  A howler monkey zombie (D:10)
  15 gnolls
  A howler monkey skeleton (D:6)
  4 adders
  A white imp (D:7)
  2 worms
  2 dart slugs
  30 orcs
  5 ball pythons
  4 bats
  7 endoplasms
  A giant cockroach (D:4)
  9 hobgoblins
  2 quokkas
  2 frilled lizards
  5 goblins
  19 kobolds
  4 rats
  A butterfly (Lair:5)
417 creatures vanquished.

Vanquished Creatures (others)
  2 bushes (Lair:1)
  71 fungi
  73 plants
146 creatures vanquished.

Grand Total: 563 creatures vanquished

Table legend:
 A = Non-vault XP
 B = Vault XP
 C = Vault XP percentage of total XP
 D = Non-vault monster count
 E = Vault monster count
 F = Vault count percentage of total count
                 A         B        C        D         E       F
            +---------+---------+-------+---------+---------+-------
      Total |   60160 |   21838 |  26.6 |     362 |      54 |  13.0
            +---------+---------+-------+---------+---------+-------
        D:1 |      21 |       0 |   0.0 |      14 |       0 |   0.0
        D:2 |      62 |       6 |   8.8 |      14 |       2 |  12.5
        D:3 |      81 |       0 |   0.0 |      14 |       0 |   0.0
        D:4 |     537 |      41 |   7.1 |      35 |       1 |   2.8
        D:5 |     642 |      42 |   6.1 |      20 |       1 |   4.8
        D:6 |     615 |     100 |  14.0 |       7 |       1 |  12.5
        D:7 |     998 |       0 |   0.0 |      21 |       0 |   0.0
        D:8 |     685 |       0 |   0.0 |      10 |       0 |   0.0
        D:9 |     458 |       0 |   0.0 |      10 |       0 |   0.0
       D:10 |    3475 |       0 |   0.0 |      28 |       0 |   0.0
       D:11 |    7534 |       0 |   0.0 |      33 |       0 |   0.0
       D:12 |    8268 |    2331 |  22.0 |      20 |       4 |  16.7
     Lair:1 |    5052 |     460 |   8.3 |      23 |       1 |   4.2
     Lair:2 |    7054 |    3162 |  31.0 |      24 |       7 |  22.6
     Lair:3 |    5334 |     560 |   9.5 |      15 |       2 |  11.8
     Lair:4 |    5327 |    1046 |  16.4 |      21 |       3 |  12.5
     Lair:5 |    4184 |    2424 |  36.7 |      21 |       9 |  30.0
     Lair:6 |    9833 |   11666 |  54.3 |      32 |      23 |  41.8
            +---------+---------+-------+---------+---------+-------

Illustrated notes

Table legend:
 A = Kills in this place as a percentage of kills in entire the game.
 B = Kills by you in this place as a percentage of kills by you in the entire game.
 C = Kills by friends in this place as a percentage of kills by friends in the entire game.
 D = Other kills in this place as a percentage of other kills in the entire game.
 E = Experience gained in this place as a percentage of experience gained in the entire game.
 F = Experience gained in this place divided by the number of levels of this place that you have seen.
                   A       B       C       D       E      F
               +-------+-------+-------+-------+-------+----------------------
         Total | 100.0 | 100.0 |   N/A |   N/A | 100.0 | 4315.7
       Dungeon |  56.5 |  56.5 |   N/A |   N/A |  31.6 | 2158.0
          Lair |  43.5 |  43.5 |   N/A |   N/A |  68.4 | 9350.3
               +-------+-------+-------+-------+-------+----------------------

Table legend: (Time is in decaauts)
 A = Elapsed time spent in this place.
 B = Non-inter-level travel time spent in this place.
 C = Inter-level travel time spent in this place.
 D = Time resting spent in this place.
 E = Time spent auto-exploring this place.
 F = Levels seen in this place.
 G = Mean time per level.
                   A        B        C        D        E       F      G
               +--------+--------+--------+--------+--------+-----+--------+
         Total |  35557 |  33988 |   1569 |  10267 |  17103 |  19 | 1871.4 |
       Dungeon |  20458 |  19506 |    952 |   5830 |   9999 |  12 | 1704.8 |
        Temple |    237 |    197 |     40 |      0 |    189 |   1 |  237.0 |
          Lair |  14860 |  14283 |    577 |   4437 |   6915 |   6 | 2476.7 |
               +--------+--------+--------+--------+--------+-----+--------+

Top non-repeatable levels by time:
    D:10: 3582 daAuts
  Lair:5: 3155 daAuts
    D:11: 3009 daAuts
  Lair:2: 2750 daAuts
  Lair:6: 2654 daAuts
     D:7: 2430 daAuts
  Lair:1: 2298 daAuts
  Lair:3: 2105 daAuts
  Lair:4: 1896 daAuts
     D:9: 1846 daAuts
     D:4: 1761 daAuts
     D:5: 1457 daAuts
    D:12: 1376 daAuts
     D:8: 1195 daAuts
     D:6: 1169 daAuts
